 Dungeon Crawl Stone Soup version 0.25-a0-737-g26c3a87 (webtiles) character file.

Game seed: 12169050880973736095, levelgen mode: deterministic

837 BlueFish the Magician (level 7, -9/51 HPs)
             Began as a Mummy Wizard on Apr 13, 2020.
             Mangled by an orc priest
             ... wielding a +2 flail of holy wrath
              (13 damage)
             ... on level 6 of the Dungeon.
             The game lasted 00:18:23 (7307 turns).

BlueFish the Magician (Mummy Wizard)                Turns: 7307, Time: 00:18:24

Health: -9/51      AC:  3    Str: 10    XL:     7   Next: 66%
Magic:  4/17       EV: 12    Int: 20    God:
Gold:   248        SH:  0    Dex: 10    Spells: 10/20 levels left

rFire    . . .     SeeInvis .   g - +3 whip
rCold    + . .     Gourm    .   (no shield)
rNeg     + + +     Faith    +   a - +0 robe
rPois    ∞         Spirit   .   b - +0 hat
rElec    .         Reflect  .   (no cloak)
rCorr    .         Harm     .   (no gloves)
MR       .....                  i - +0 pair of boots
Stlth    ++........             j - amulet of faith
HPRegen  0.17/turn              f - ring of wizardry
MPRegen  0.15/turn              o - ring of protection from fire

@: no status effects
A: no food or potions, fire vulnerability, cold resistance 1, negative energy
resistance 3, torment resistance, unbreathing
a: no special abilities


You were on level 6 of the Dungeon.
You were not hungry.

You visited 1 branch of the dungeon, and saw 6 of its levels.

You collected 248 gold pieces.

Inventory:

Hand Weapons
 c - a +0 whip
 d - a +0 dagger
 g - a +3 whip (weapon)
Armour
 a - a +0 robe (worn)
 b - a +0 hat (worn)
 i - a +0 pair of boots (worn)
Jewellery
 f - a ring of wizardry (left hand)
 j - an amulet of faith (around neck)
 o - a ring of protection from fire (right hand)
Scrolls
 e - 2 scrolls of enchant weapon
 h - 3 scrolls of immolation
 k - a scroll of remove curse
 l - a scroll of amnesia
 m - 2 scrolls of fear
 n - 5 scrolls of teleportation
 p - a scroll of fog {unknown}
 q - a scroll of magic mapping {unknown}


   Skills:
 * Level 2.6 Fighting
 + Level 1.8 Maces & Flails
 * Level 2.9 Dodging
 * Level 3.0 Stealth
 * Level 7.3 Spellcasting
 + Level 1.8 Conjurations
 + Level 2.2 Summonings
 + Level 1.2 Translocations
 + Level 0.1 Air Magic
 + Level 0.1 Poison Magic


You had 10 spell levels left.
You knew the following spells:

 Your Spells              Type           Power        Failure   Level  Hunger
a - Magic Dart            Conj           ##..         1%          1    N/A
b - Blink                 Tloc           N/A          3%          2    N/A
c - Call Imp              Summ           ###.....     2%          2    N/A
d - Slow                  Hex            #.......     6%          2    N/A
e - Mephitic Cloud        Conj/Pois/Air  ##......     9%          3    N/A

Your spell library contained the following spells:

 Spells                   Type           Power        Failure   Level  Hunger
 Conjure Flame            Conj/Fire      ##......     8%          3    N/A

Dungeon Overview and Level Annotations

Branches:
Dungeon (6/15)
 Temple: D:4-7

Altars:
Zin

Shops:
D:5 =


Innate Abilities, Weirdness & Mutations

You do not eat or drink.
Your flesh is vulnerable to fire.
You are immune to poison.
Your flesh is cold resistant. (rC+)
You are immune to negative energy. (rN+++)
You are immune to unholy pain and torment.
You can survive without breathing.


Message History

The orc warrior closely misses you.
Your crimson imp blinks!
You closely miss the orc warrior.
An orc comes into view. It is wielding a +0 trident.
The orc warrior misses you.
You barely miss the orc warrior.
The orc warrior hits you with a +0 vorpal long sword!
The quokka skeleton bites your crimson imp but does no damage.
You hit the orc warrior but do no damage.
The orc warrior hits you with a +0 vorpal long sword!
* * * LOW HITPOINT WARNING * * *
x2 Your crimson imp hits the quokka skeleton.
The quokka skeleton bites your crimson imp.
Casting: Call Imp (safe; 2% risk of failure)
Confirm with . or Enter, or press ? or * to list all spells.
You blink.
An orc priest comes into view.
It is wielding a +2 flail of holy wrath.
The orc misses you.
The orc priest hits you with a +2 flail of holy wrath!
You die...

..###...S.. #..# ##....
..........## .... ......
.....z..... ##..##......
...zz.....####.(.........
..........##....Z......#
...g..gg..Z...#..5†....#
..z..g.<# .. #.o5.#
.......#####.##o##...#
...g..# #....@o.#......#
...... #.......#.######
..... #..#....##.. .....
...#..#..# .. .... .
#..#... #.. .... ##.#....
.. . g.... . ......


You could see an orc warrior, a gnoll sergeant, an orc priest, an orc, an adder
skeleton, a quokka skeleton, a friendly crimson imp and a friendly white imp.

Vanquished Creatures
  A phantom (D:4)
  A centaur (D:5)
  A crimson imp (D:5)
  2 hounds
  An orc priest (D:5)
  A bullfrog skeleton (D:4)
  3 orc wizards (D:5)
  2 worker ants
  4 adders
  3 gnolls (D:4)
  An ooze (D:2)
  An adder skeleton (D:5)
  3 worms
  4 dart slugs
  4 leopard geckos
  12 orcs
  2 ball pythons
  7 giant cockroaches
  7 goblins
  12 hobgoblins
  2 jackals
  10 kobolds
  2 quokkas
  6 bats
  8 frilled lizards
  A leopard gecko skeleton (D:4)
  4 rats
105 creatures vanquished.

Vanquished Creatures (collateral kills)
  2 ogres (D:5)
  A scorpion (D:4)
  Crazy Yiuf (D:3)
  2 orc wizards (D:5)
  Jessica (D:3)
  An iguana (D:6)
  A hound skeleton (D:5)
  A gnoll (D:4)
  An adder skeleton (D:4)
  2 orcs
  6 jackals
  2 bats (D:3)
  A frilled lizard (D:1)
  A kobold (D:3)
  2 rats
25 creatures vanquished.

Grand Total: 130 creatures vanquished

Notes
Turn   | Place    | Note
-------+----------+-------------------------------------------
     0 | D:1      | BlueFish the Mummy Wizard began the quest for the Orb.
     0 | D:1      | Reached XP level 1. HP: 13/13 MP: 5/5
   359 | D:1      | Reached XP level 2. HP: 19/19 MP: 5/7
   364 | D:1      | Learned a level 2 spell: Blink
   367 | D:1      | Learned a level 2 spell: Call Imp
   370 | D:1      | Learned a level 2 spell: Slow
   888 | D:1      | Reached XP level 3. HP: 25/25 MP: 5/9
   893 | D:1      | Learned a level 3 spell: Mephitic Cloud
  1238 | D:2      | Reached skill level 5 in Spellcasting
  1685 | D:2      | Reached skill level 1 in Conjurations
  1722 | D:2      | Reached skill level 1 in Summonings
  1850 | D:2      | Reached skill level 1 in Fighting
  2047 | D:2      | Reached XP level 4. HP: 31/32 MP: 8/11
  3569 | D:3      | Noticed Jessica
  3575 | D:3      | Killed Jessica
  3654 | D:3      | Found a runed translucent door.
  3655 | D:3      | Noticed Crazy Yiuf
  3668 | D:3      | Killed Crazy Yiuf
  3668 | D:3      | Reached skill level 1 in Maces & Flails
  3750 | D:3      | Reached XP level 5. HP: 35/37 MP: 9/12
  4043 | D:4      | Noticed a phantom
  4053 | D:4      | HP: 1/37 [scorpion (7)]
  4458 | D:4      | Found a glowing silver altar of Zin.
  4494 | D:4      | Killed a phantom
  4494 | D:4      | Reached skill level 6 in Spellcasting
  4494 | D:4      | Reached XP level 6. HP: 14/44 MP: 5/15
  4793 | D:4      | Reached skill level 1 in Translocations
  5210 | D:5      | Entered Level 5 of the Dungeon
  5708 | D:5      | Found Orikuuro's Jewellery Shoppe.
  5729 | D:4      | Reached XP level 7. HP: 11/50 MP: 9/16
  6918 | D:5      | Reached skill level 7 in Spellcasting
  7307 | D:6      | Mangled by an orc priest

Levels and vault maps discovered:
D:1:      wander_arrival_chamber, layout_rooms
D:2:      layout_loops_ring
D:3:      corexii_shack_village, layout_rooms, uniq_jessica,
          uniq_crazy_yiuf_cottage
D:4:      layout_rooms, overflow_temple_1_default, first_ration,
          grunt_ministairs_10
D:5:      layout_cave_pools, serial_shops, shop_fountains
D:6:      layout_cave_pools, serial_bayou_pond_a, tgw_kikubaaqudgha

Skill      XL: |  1  2  3  4  5  6  7 |
---------------+----------------------+-----
Spellcasting   | 5 6 7 |  7.3
Conjurations   | 1 |  1.8
Summonings     | 1 2 |  2.2
Fighting       | 1 2 |  2.6
Stealth        | 2 3 |  3.0
Maces & Flails | 1 |  1.8
Dodging        | 2 |  2.9
Translocations | 1 |  1.2
Air Magic      | |  0.1
Poison Magic   | |  0.1

Action                   |  1- 3 |  4- 6 |  7- 9 || total
-------------------------+-------+-------+-------++-------
Melee: Unarmed           |     8 |       |       ||     8
       Dagger            |    12 |       |       ||    12
       Club              |     8 |       |       ||     8
       Whip              |    17 |   130 |    46 ||   193
 Cast: Magic Dart        |   109 |    98 |    32 ||   239
       Call Imp          |     6 |    35 |    19 ||    60
       Mephitic Cloud    |       |     9 |     7 ||    16
       Blink             |       |     2 |     1 ||     3
  Use: Scroll            |       |     6 |     1 ||     7
 Stab: Sleeping          |       |     2 |       ||     2
       Confused          |       |     3 |     1 ||     4
       Distracted        |       |     2 |       ||     2
Armor: Robe              |    11 |    26 |     6 ||    43
Dodge: Dodged            |    33 |    96 |    39 ||   168

Table legend:
 A = Non-vault XP
 B = Vault XP
 C = Vault XP percentage of total XP
 D = Non-vault monster count
 E = Vault monster count
 F = Vault count percentage of total count
                 A         B        C        D         E       F
            +---------+---------+-------+---------+---------+-------
      Total |    1138 |      58 |   4.8 |     118 |      12 |   9.2
            +---------+---------+-------+---------+---------+-------
        D:1 |      43 |       0 |   0.0 |      25 |       0 |   0.0
        D:2 |      64 |       0 |   0.0 |      27 |       0 |   0.0
        D:3 |      49 |      58 |  54.2 |      20 |      12 |  37.5
        D:4 |     345 |       0 |   0.0 |      20 |       0 |   0.0
        D:5 |     613 |       0 |   0.0 |      25 |       0 |   0.0
        D:6 |      24 |       0 |   0.0 |       1 |       0 |   0.0
            +---------+---------+-------+---------+---------+-------
